 Dungeon Crawl Stone Soup version 0.31.0 (webtiles) character file.

Game seed: 9904221375262829776

187 dorian the Ruffian (level 5, -4/34 HPs)
             Began as an Octopode Shapeshifter on Jan 19, 2024.
             Slain by Grinder (5 damage)
             ... while paralysed by Grinder
             ... on level 3 of the Dungeon.
             The game lasted 00:03:39 (2003 turns).

dorian the Ruffian (Octopode Shapeshifter)          Turns: 2003, Time: 00:03:40

Health: -4/34      AC:  1    Str: 16    XL:     5   Next: 66%
Magic:  5/5        EV:  2    Int: 12    God:
Gold:   781        SH:  0    Dex: 11    Spells: 4/4 levels left

rFire   . .          .
                       - Unarmed
rCold   . . .        (no shield)
rNeg    . . .        (helmet currently unavailable)
rPois   .            (no amulet)
rElec   .            (no ring)
rCorr   .            (no ring)
SInv    .            (no ring)
Will    .....        (no ring)
Stlth   ++           (no ring)
HPRegen 0.25/turn    (no ring)
MPRegen 0.09/turn    (no ring)
                     (no ring)

%: no passive effects
@: paralysed, beast-form
A: beast (slay +2), almost no armour, amphibious, 8 rings, camouflage 1,
gelatinous body 1, (nimble swimmer 1), tentacles
a: Begin Untransformation


You were on level 3 of the Dungeon.
You were a hulking beast.
You visited 1 branch of the dungeon, and saw 3 of its levels.

You collected 781 gold pieces.

Inventory:

Talismans
 b - a beast talisman
 c - a flux talisman
 h - a serpent talisman
Scrolls
 a - 3 scrolls of brand weapon {unknown}
 g - a scroll of identify {unknown}
 j - a scroll of teleportation {unknown}
Potions
 d - a potion of brilliance {unknown}
 e - a potion of enlightenment {unknown}
 f - a potion of might {unknown}
 i - a potion of attraction {unknown}


   Skills:
 + Level 2.0 Fighting
 + Level 2.7 Dodging
 * Level 4.4 Unarmed Combat
 * Level 4.1 Shapeshifting


You had 4 spell levels left.
You didn't know any spells.
Your spell library was empty.

Dungeon Overview and Level Annotations

Branches:
Dungeon (3/15) Zot: 16006

Altars:
Elyvilon

Annotations:
D:3 Grinder


Innate Abilities, Weirdness & Mutations

You are a hulking beast.
Your limbs bulge with bestial killing power. (Slay +2)
You cannot wear most types of armour.
You are amphibious.
You can wear up to eight rings at the same time.
Your skin changes colour to match your surroundings (Stealth+).
Your rubbery body absorbs attacks. (AC +1, EV +1)
((You are camouflaged when in or above water. (Stealth+)))
You have tentacles for arms and can constrict up to eight enemies at once.


Message History

You can move again.
Unknown command.
Unknown command.
Unknown command.
You closely miss Grinder. Your grab misses Grinder. You squeeze Grinder!
Grinder is heavily wounded.
The endoplasm barely misses you. Grinder closely misses you.
You closely miss Grinder. Your grab misses Grinder.
Grinder is heavily wounded.
You closely miss Grinder. You grab Grinder.
Grinder is heavily wounded.
You constrict Grinder, but do no damage.
The endoplasm hits you but does no damage.
Grinder hits you!
Unknown command.
Unknown command.
You tentacle-slap Grinder. x2
Grinder is severely wounded.
You constrict Grinder, but do no damage.
The endoplasm barely misses you. Grinder hits you.
* * * LOW HITPOINT WARNING * * *
Unknown command.
You tentacle-slap Grinder.
Grinder is almost dead.
You constrict Grinder, but do no damage.
The endoplasm barely misses you. Grinder misses you.
You tentacle-slap Grinder. Your squeeze misses Grinder.
Grinder is almost dead.
You constrict Grinder. The endoplasm hits you.
* * * LOW HITPOINT WARNING * * *
Grinder gestures at you.
You suddenly lose the ability to move!
You lose your grip on Grinder.
The endoplasm jiggles.
The endoplasm hits you.
* * * LOW HITPOINT WARNING * * *
Grinder hits you!
* * * LOW HITPOINT WARNING * * *
You writhe in agony.
You die...
Grinder says, "Now the real fun starts!"

############
..........#
#.......... ####
......... #...
..>.... #... . .g.
##... #'#5# #....
#.#h# #.... #.J.#
#.... #.#.###
#....
#.#...########
##.>.
#......##.....#
##'#
###........##.#
#.# #.##.##..##.#
#.#
#.##..#.....####.#
#.......#........#


You could see Grinder, an endoplasm and a hobgoblin.

Vanquished Creatures
  An iguana (D:3)
  2 orc wizards (D:2)
  5 adders
  2 dart slugs
  3 orcs (D:2)
  3 endoplasms
  7 giant cockroaches
  4 goblins
  8 hobgoblins
  5 kobolds
  2 quokkas
  2 ball pythons
  8 bats (D:1)
  4 frilled lizards
  9 rats
65 creatures vanquished.

Notes
Turn   | Place    | Note
-------+----------+-------------------------------------------
     0 | D:1      | dorian the Octopode Shapeshifter began the quest for the
                  | Orb.
     0 | D:1      | Reached XP level 1. HP: 13/13 MP: 1/1
    77 | D:1      | Reached XP level 2. HP: 14/18 MP: 2/2
   322 | D:1      | Reached XP level 3. HP: 23/23 MP: 3/3
   698 | D:1      | Identified a scroll of acquirement
   698 | D:1      | Acquired 643 gold pieces
   932 | D:2      | Reached XP level 4. HP: 27/28 MP: 4/4
  1531 | D:3      | Reached XP level 5. HP: 34/34 MP: 5/5
  1923 | D:3      | Found a white marble altar of Elyvilon.
  1989 | D:3      | Noticed Grinder
  1994 | D:3      | Paralysed by Grinder for 2 turns
  2002 | D:3      | Paralysed by Grinder for 3 turns
  2003 | D:3      | HP: 1/34 [Grinder (7)]
  2003 | D:3      | Slain by Grinder

Illustrated notes

Levels and vault maps discovered:
D:1:      sevenhm_arrival_forest_fort_small_6, layout_loops_cross,
          minmay_pentomino_t2
D:2:      layout_loops_ring
D:3:      layout_basic, lemuel_round_altar, biasface_ghost_orc_armoury,
          st_stairs_4, lightli_corner_chamber, uniq_grinder

Skill      XL: |  1  2  3  4  5 |
---------------+----------------+-----
Unarmed Combat | 4 |  4.4
Shapeshifting  | 4 |  4.1
Fighting       | 2 |  2.0
Dodging        | |  2.7

Action                     |  1- 3 |  4- 6 || total
---------------------------+-------+-------++-------
  Melee: Unarmed           |    66 |    73 ||   139
         Constrict         |    20 |    12 ||    32
         Tentacles         |    12 |    11 ||    23
         Punch             |     3 |     3 ||     6
    Use: Scroll            |     6 |       ||     6
         Potion            |       |     1 ||     1
   Stab: Sleeping          |     6 |     3 ||     9
 Armour: Skin              |    20 |    40 ||    60
  Dodge: Dodged            |    38 |    24 ||    62
